 Dungeon Crawl Stone Soup version 0.16.0-17-g811c1d7 (webtiles) character file.

670 MDvedh the Magician (level 7, -10/40 HPs)
             Began as a Deep Elf Fighter on Mar 21, 2015.
             Was an Initiate of Vehumet.
             Mangled by an ogre
             ... wielding a +0 giant club
              (21 damage)
             ... on level 6 of the Dungeon.
             The game lasted 00:08:08 (4602 turns).

MDvedh the Magician (Deep Elf Fighter)              Turns: 4602, Time: 00:08:08

Health: -10/40     AC:  7    Str: 13    XL:     7   Next: 32%
Magic:  25/25      EV:  9    Int: 15    God:    Vehumet [......]
Gold:   209        SH:  8    Dex: 14    Spells: 0 memorised, 20 levels left

rFire  . . .     SeeInvis .     a - +0 rapier
rCold  . . .     Clarity  .     b - +0 scale mail
rNeg   . . .     SustAb   .     c - +0 shield
rPois  .         Gourm    .     (no helmet)
rElec  .         Spirit   .     A - +0 cloak
rCorr  .         Warding  .     (no gloves)
rMut   .         Stasis   .     (no boots)
MR     .....                    (no amulet)
Stlth  ..........               (no ring)
                                r - +3 ring of evasion

@: not resistant to hostile enchantments, extremely unstealthy
A: no striking features
a: Renounce Religion


You were on level 6 of the Dungeon.
You worshipped Vehumet.
Vehumet was noncommittal.
You were not hungry.

You visited 2 branches of the dungeon, and saw 7 of its levels.

You collected 209 gold pieces.

Inventory:

Hand weapons
 a - a +0 rapier (weapon)
Armour
 b - a +0 scale mail (worn)
 c - a +0 shield (worn)
 A - a +0 cloak (worn)
Jewellery
 r - a +3 ring of evasion (left hand)
Magical devices
 w - a wand of random effects (16)
 y - a wand of cold (13)
Scrolls
 e - a scroll of magic mapping
 g - a scroll of amnesia {unknown}
 i - a scroll of enchant weapon {unknown}
 j - 2 scrolls of remove curse
 k - 2 scrolls of identify
 l - 2 scrolls of teleportation
 u - a scroll of enchant armour {unknown}
Potions
 f - a potion of curing {unknown}
 n - a potion of berserk rage
 o - a potion of haste
 p - a potion of restore abilities
 q - 2 potions of poison
 t - a potion of flight
 z - a potion of mutation {unknown}
Books
 v - Jessica's Guide on the Oath
   (You found it on level 3 of the Dungeon)

   Spells                             Type                      Level
   a - Slow                           Hexes                        2
 x - a book of the Warp

   Spells                             Type                      Level
   a - Recall                         Summoning/Translocation      3
   b - Control Teleport               Charms/Translocation         4
   c - Force Lance                    Conjuration/Translocation    4
   d - Phase Shift                    Translocation                5
   e - Warp Weapon                    Charms/Translocation         5
   f - Gell's Gravitas                Hexes/Translocation          5
   g - Summon Forest                  Summoning/Translocation      5
Comestibles
 d - 2 bread rations
 h - 2 meat rations
 s - 4 fruits


   Skills:
 - Level 2.4 Fighting
 + Level 5.9 Short Blades
 - Level 2.4 Armour
 - Level 2.4 Shields
 + Level 7.3 Spellcasting


You had 20 spell levels left.
You didn't know any spells.

Dungeon Overview and Level Annotations

Branches:
Dungeon (6/15)             Temple (1/1) D:5

Altars:
Ashenzari
Elyvilon
Fedhas
Gozag
Makhleb
Nemelex Xobeh
Okawaru
Sif Muna
Trog
Vehumet
Xom
Zin
The Shining One


Message History

You hit the ogre!
The ogre is heavily wounded.
The ogre hits you with a giant club!
You barely miss the ogre.
The ogre is heavily wounded.
You block the ogre's attack.
You hit the ogre.
The ogre is severely wounded.
The ogre hits you with a giant club.
* * * LOW HITPOINT WARNING * * *
You are too injured to fight recklessly!
You are too injured to fight recklessly!
You barely miss the ogre.
The ogre is severely wounded.
Unknown command.
You hit the ogre.
The ogre is almost dead.
The ogre hits you with a giant club!!
Ouch! That really hurt!
You die...

. #.#### #....###
#. ....# .. #.#.#
#. #.#.# ..# #.
#...#
......#.##...##.#
........<...@)..#
......##....O...#
... #.....#..# .
.......###....
#.####...# #### #
##.#.# #.#.# #.#
# #.#


You could see an ogre.

Vanquished Creatures
  The ghost of Sorcv the Covert, an experienced KoEn (D:5)
  An ice beast (D:5)
  A phantom (D:5)
  3 worker ants (D:5)
  An iguana (D:4)
  Jessica (D:3)
  6 adders
  A giant mite (D:4)
  A worm (D:2)
  An adder skeleton (D:4)
  4 giant geckos
  3 oozes
  2 orcs (D:3)
  2 ball pythons
  11 hobgoblins
  3 quokkas
  6 bats
  5 giant cockroaches
  2 giant newts
  7 goblins
  A jackal skeleton (D:5)
  8 kobolds
  A rat (D:3)
72 creatures vanquished.

Notes
Turn   | Place    | Note
--------------------------------------------------------------
     0 | D:1      | MDvedh, the Deep Elf Fighter, began the quest for the Orb.
     0 | D:1      | Reached XP level 1. HP: 13/13 MP: 2/2
    56 | D:1      | Reached skill level 1 in Spellcasting
   104 | D:1      | You fall through a shaft!
   186 | D:2      | Reached XP level 2. HP: 12/18 MP: 5/5
   701 | D:1      | Reached XP level 3. HP: 17/22 MP: 9/9
  1142 | D:1      | You fall through a shaft!
  1211 | D:2      | Reached skill level 3 in Spellcasting
  2368 | D:3      | Reached XP level 4. HP: 20/27 MP: 13/13
  2624 | D:3      | Noticed Jessica
  2630 | D:3      | Killed Jessica
  2638 | D:3      | Identified Jessica's Guide on the Oath
  2932 | D:4      | Reached skill level 4 in Spellcasting
  2959 | D:4      | Reached XP level 5. HP: 21/31 MP: 18/18
  3033 | D:4      | Noticed a phantom
  3305 | D:5      | Entered Level 5 of the Dungeon
  3485 | D:5      | Noticed Sorcv's ghost (experienced KoEn)
  3503 | D:5      | Killed Sorcv's ghost
  3503 | D:5      | Reached skill level 5 in Short Blades
  3503 | D:5      | Reached skill level 6 in Spellcasting
  3503 | D:5      | Reached XP level 6. HP: 15/36 MP: 19/22
  3571 | D:5      | Found a staircase to the Ecumenical Temple.
  3586 | Temple   | Entered the Ecumenical Temple
  3658 | Temple   | Became a worshipper of Vehumet
  3707 | D:5      | Noticed an ice beast
  3790 | D:5      | Killed an ice beast
  3790 | D:5      | Reached XP level 7. HP: 23/40 MP: 24/24
  4016 | D:5      | Noticed a phantom
  4153 | D:5      | Killed a phantom
  4153 | D:5      | Reached skill level 7 in Spellcasting
  4602 | D:6      | Mangled by an ogre

Action                   |  1- 3 |  4- 6 |  7- 9 || total
-------------------------+-------+-------+-------++-------
Melee: Rapier            |   157 |   113 |    32 ||   302
  Use: Scroll            |       |    13 |       ||    13
       Potion            |       |     3 |       ||     3
  Eat: Chunk             |     3 |     3 |       ||     6
       Royal jelly       |     1 |     1 |       ||     2
       Pizza             |       |       |     1 ||     1
